 Dungeon Crawl Stone Soup version 0.28-a0-726-g4a9143789a (webtiles) character file.

Game seed: 5246921551108630274

50 lawman0 the Skirmisher (level 3, 0/46 HPs)
             Began as a Barachi Fighter on Oct 27, 2021.
             Slain by a hobgoblin (6 damage)
             ... led by Robin
             ... on level 2 of the Dungeon.
             The game lasted 00:00:57 (939 turns).

lawman0 the Skirmisher (Barachi Fighter)             Turns: 939, Time: 00:00:57

Health: 0/46       AC: 21    Str: 17    XL:     3   Next: 79%
Magic:  3/3        EV:  2    Int:  9    God:
Gold:   73         SH:  9    Dex: 11    Spells: 2/2 levels left

rFire   . . .      SeeInvis .   a - +0 long sword
rCold   . . .      Faith    .   c - +0 buckler
rNeg    . . .      Spirit   .   (armour currently unavailable)
rPois   +          Reflect  +   (helmet currently unavailable)
rElec   .          Harm     .   (cloak currently unavailable)
rCorr   .          Rampage  .   (gloves currently unavailable)
Will    .....      NoTele   +   (boots currently unavailable)
Stlth   +.........              e - amulet of reflection
HPRegen 0.15/turn               (no ring)
MPRegen 0.08/turn               (no ring)

@: tree-form
A: stationary, stasis, torment immunity, boosted hp, (amphibious), (slowness 1),
(strong legs 1), +LOS
a: no special abilities


You were on level 2 of the Dungeon.
You were a tree.
You visited 1 branch of the dungeon, and saw 2 of its levels.

You collected 73 gold pieces.

Inventory:

Hand Weapons
 a - a +0 long sword (weapon)
Armour
 b - a +0 scale mail (melded)
 c - a +0 buckler (worn)
 h - a +0 pair of gloves (melded)
Jewellery
 e - an amulet of reflection (around neck)
Scrolls
 f - a scroll of noise {unknown}
 i - a scroll of teleportation {unknown}


   Skills:
 + Level 4.4 Fighting
 * Level 3.1 Long Blades
 + Level 4.1 Armour
 + Level 0.7 Dodging
 + Level 0.2 Stealth
 + Level 3.5 Shields


You had 2 spell levels left.
You didn't know any spells.
Your spell library contained the following spells:

 Spells                   Type           Power      Damage    Failure   Level
 Slow                     Hex            0%         N/A       54%         2
 Confusing Touch          Hex            0%         N/A       77%         3
 Inner Flame              Hex/Fire       0%         N/A       77%         3
 Vampiric Draining        Necr           0%         2d6       77%         3
 Cause Fear               Hex            0%         N/A       99%         4
 Discord                  Hex            0%         N/A       100%        8


Dungeon Overview and Level Annotations

Branches:
Dungeon (2/15)

Altars:

Annotations:
D:2 Robin


Innate Abilities, Weirdness & Mutations

You are a tree.
Your roots penetrate the ground, keeping you stationary.
You cannot be teleported.
You are immune to unholy pain and torment.
Your maximum health is greatly increased.
Your equipment is partially melded.
((You are amphibious.))
((You cover ground slowly.))
((You can hop short distances.))
You have an extended range of vision and can be seen from far away.


Message History

The goblin barely misses you.
You are too injured to fight recklessly!
You hit the hobgoblin.
The hobgoblin is heavily wounded.
You block the hobgoblin's attack. You block the goblin's attack.
The hobgoblin barely misses you. The goblin hits you but does no damage.
You are too injured to fight recklessly!
Unknown command.
You closely miss the goblin. The hobgoblin hits you.
* * * LOW HITPOINT WARNING * * *
The goblin hits you but does no damage.
It was a potion of lignification.
You turn into a tree.
Your +0 pair of gloves melds into your body.
Your +0 scale mail melds into your body.
Your roots penetrate the ground.
You block the hobgoblin's attack. You block the goblin's attack.
You slash the goblin!
You kill the goblin!
The hobgoblin no longer looks unusually strong.
You block the hobgoblin's attack.
Robin roars a battlecry!
The hobgoblin goes into a battle-frenzy!
You closely miss the hobgoblin.
The hobgoblin is heavily wounded.
The hobgoblin hits you but does no damage.
You closely miss the hobgoblin.
The hobgoblin is heavily wounded.
You feel a little less mighty now. You block the hobgoblin's attack.
The hobgoblin hits you.
* * * LOW HITPOINT WARNING * * *
You closely miss the hobgoblin.
The hobgoblin is heavily wounded.
The hobgoblin hits you but does no damage.
You barely miss the hobgoblin.
The hobgoblin is heavily wounded.
The hobgoblin hits you but does no damage.
You hit the hobgoblin but do no damage.
The hobgoblin is heavily wounded.
You block the hobgoblin's attack. The hobgoblin hits you.
You die...

#.. .# .. .. .. .#
#. .# .#.# ...#
### #g. ..# #g#
#.# #♣# #.# #)#
#.# #)# #.#
#.######.#####.###
#.................
########.###.#####
###.###.####
#...........
####.#.###.###.


You could see Robin and a hobgoblin (strong).

Vanquished Creatures
  An adder (D:2)
  2 worms (D:2)
  A ball python (D:1)
  2 bats (D:1)
  An endoplasm (D:1)
  2 giant cockroaches
  6 goblins (D:2)
  7 hobgoblins
  2 jackals (D:2)
  A frilled lizard (D:1)
  3 kobolds
  2 rats (D:1)
30 creatures vanquished.

Notes
Turn   | Place    | Note
-------+----------+-------------------------------------------
     0 | D:1      | lawman0 the Barachi Fighter began the quest for the Orb.
     0 | D:1      | Reached XP level 1. HP: 18/18 MP: 1/1
   170 | D:1      | Reached XP level 2. HP: 25/25 MP: 2/2
   645 | D:1      | Found a faded altar of an unknown god.
   898 | D:2      | Noticed Robin
   902 | D:2      | Reached XP level 3. HP: 31/31 MP: 3/3
   939 | D:2      | Slain by a hobgoblin

Illustrated notes

Levels and vault maps discovered:
D:1:      matt_arrival_diagonals, layout_basic, basic_ecumenical_altar
D:2:      layout_loops_ring, kennysheep_small_spiral, uniq_robin

Skill      XL: |  1  2  3 |
---------------+----------+-----
Fighting       | 4 |  4.4
Armour         | 4 |  4.1
Long Blades    | 3 |  3.1
Dodging        | |  0.7
Stealth        | |  0.2
Shields        | |  3.5

Action                   || total
-------------------------++-------
Melee: Long sword        ||    88
  Use: Potion            ||     2
Armor: Scale mail        ||    27
       Skin              ||     3
Dodge: Dodged            ||    33
Block: Buckler           ||    43

Table legend: (Time is in decaauts)
 A = Elapsed time spent in this place.
 B = Non-inter-level travel time spent in this place.
 C = Inter-level travel time spent in this place.
 D = Time resting spent in this place.
 E = Time spent auto-exploring this place.
 F = Levels seen in this place.
 G = Mean time per level.
                   A        B        C        D        E       F      G
               +--------+--------+--------+--------+--------+-----+--------+
         Total |   1064 |   1014 |     50 |     36 |    755 |   2 |  532.0 |
       Dungeon |   1064 |   1014 |     50 |     36 |    755 |   2 |  532.0 |
               +--------+--------+--------+--------+--------+-----+--------+

Top non-repeatable levels by time:
     D:1: 811 daAuts
     D:2: 253 daAuts
